 Dungeon Crawl Stone Soup version 0.26-a0-946-g9485abf61d (webtiles) character file.

Game seed: 17764908859497818057

65 PentaManta the Ruffian (level 3, 36/36 HPs)
             Began as a Troll Monk on Nov 28, 2020.
             Got out of the dungeon alive.
             The game lasted 00:03:28 (1039 turns).

PentaManta the Ruffian (Troll Monk)                 Turns: 1039, Time: 00:03:29

Health: 36/36      AC:  6    Str: 20    XL:     3   Next: 94%
Magic:  2/2        EV: 10    Int:  6    God:
Gold:   71         SH:  0    Dex:  8    Spells: 2/2 levels left

rFire    . . .     SeeInvis .     - Unarmed
rCold    . . .     Faith    .   (no shield)
rNeg     . . .     Spirit   .   a - +0 robe
rPois    .         Reflect  .   (helmet restricted)
rElec    .         Harm     .   (no cloak)
rCorr    .         Rampage  .   (gloves unavailable)
MR       .....                  (boots unavailable)
Stlth    +.........             (no amulet)
HPRegen  0.52/turn              c - -4 ring of dexterity (curse)
MPRegen  0.08/turn              i - ring of flight

@: no status effects
A: large, unfitting armour, claws 3, regeneration 1, shaggy fur 1, tough skin 3
a: Evoke Flight


You escaped.
You visited 1 branch of the dungeon, and saw 3 of its levels.

You collected 71 gold pieces.

Inventory:

Armour
 a - a +0 robe (worn)
Jewellery
 c - a cursed -4 ring of dexterity (left claw)
 i - a ring of flight (right claw)
Scrolls
 b - 2 scrolls of teleportation {unknown}
 d - a scroll of remove curse {unknown}
 e - 3 scrolls of identify {unknown}
 f - 2 scrolls of blinking {unknown}
 h - a scroll of enchant armour {unknown}
Potions
 g - 2 potions of curing {unknown}
 j - a potion of haste {unknown}


   Skills:
 + Level 2.7 Fighting
 * Level 3.1 Dodging
 - Level 1.0 Stealth
 * Level 3.9 Unarmed Combat


You had 2 spell levels left.
You didn't know any spells.
Your spell library was empty.

Dungeon Overview and Level Annotations

Branches:
Dungeon (3/15)

Altars:


Innate Abilities, Weirdness & Mutations

You are too large for most types of armour.
You have claws for hands.
Your natural rate of healing is unusually fast.
You are covered in fur. (AC +1)
You have extremely tough skin. (AC +3)


Message History

You see here a +1 hand axe of flaming.
You see here a scroll labelled OTASHR SUEPRA.
Items here: ) [[ †.
Fire/throw which item? (* to show all) (? for menu, Esc to quit)
Okay, then.
Okay, then.
You see here a scroll labelled OTASHR SUEPRA.
There is a stone staircase leading up here.
You climb upwards.
There is a stone staircase leading down here.
There is a stone staircase leading up here.
You climb upwards.
There is a stone staircase leading down here.
There is an open door here.
You see here a stone.
There is an open door here.
There is an open door here.
There is a staircase leading out of the dungeon here.
Are you sure you want to leave the Dungeon?
This will make you lose the game!
You have escaped!

###.#.##.# #...# #.....(..#+#
#...#....# ##.## ###.###.....
#.#####.### ##.## ####.# #..)..
#.###.#...###8'8###....# #.....
#.#...#..##≈≈≈.≈≈≈##...# #.....
#.#.###.##≈≈≈.P.≈≈≈##..# #####'
#......##≈≈P..8..P≈≈##.#######.
######.#≈≈≈.......≈≈≈#.#....[.#
#.#≈P.8..@..8.P≈#.'.......
#.#≈≈≈.......≈≈≈###[.....#
#.##≈≈P..8..P≈≈####......#
#..##≈≈≈.P.≈≈≈##.##......#
#...##≈≈≈.≈≈≈##..........#
#....###8+8###....########
#.........## ###### ###########


There were no monsters in sight!

Vanquished Creatures
  2 adders (D:2)
  An ooze (D:3)
  2 worms (D:2)
  3 orcs (D:3)
  5 bats
  A goblin (D:1)
  7 hobgoblins
  4 kobolds
  2 quokkas
  3 frilled lizards
  4 rats
34 creatures vanquished.

Notes
Turn   | Place    | Note
-------+----------+-------------------------------------------
     0 | D:1      | PentaManta the Troll Monk began the quest for the Orb.
     0 | D:1      | Reached XP level 1. HP: 22/22 MP: 0/0
   288 | D:1      | Reached XP level 2. HP: 25/29 MP: 1/1
   601 | D:2      | Reached XP level 3. HP: 36/36 MP: 2/2
  1039 | D:$      | Got out of the dungeon alive.

Illustrated notes

Levels and vault maps discovered:
D:1:      lightli_arrival_statuegarden, layout_basic
D:2:      layout_rooms
D:3:      layout_loops_ring, minivault_19, trog_butcher_becter, uniq_ijyb

Skill      XL: |  1  2  3 |
---------------+----------+-----
Dodging        | 3 |  3.1
Fighting       | |  2.7
Stealth        | |  1.0
Unarmed Combat | |  3.9

Action                   || total
-------------------------++-------
Melee: Unarmed           ||    77
 Stab: Sleeping          ||     1
Armor: Robe              ||    35
Dodge: Dodged            ||    36

Table legend: (Time is in decaauts)
 A = Elapsed time spent in this place.
 B = Non-inter-level travel time spent in this place.
 C = Inter-level travel time spent in this place.
 D = Time resting spent in this place.
 E = Time spent auto-exploring this place.
 F = Levels seen in this place.
 G = Mean time per level.
                   A        B        C        D        E       F      G
               +--------+--------+--------+--------+--------+-----+--------+
         Total |   1033 |    933 |    100 |      0 |    703 |   3 |  344.3 |
       Dungeon |   1033 |    933 |    100 |      0 |    703 |   3 |  344.3 |
               +--------+--------+--------+--------+--------+-----+--------+

Top non-repeatable levels by time:
     D:1: 574 daAuts
     D:2: 359 daAuts
     D:3: 99 daAuts
